 Dungeon Crawl Stone Soup version 0.23-a0-619-g281719c (console) character file.

360 bli the Shield-Bearer (level 6, -2/48 HPs)
             Began as a Formicid Fighter on Dec 22, 2018.
             Was a Follower of Cheibriados.
             Shot with an arrow by a centaur (5 damage)
             ... on level 6 of the Dungeon.
             The game lasted 00:10:35 (2459 turns).

bli the Shield-Bearer (Formicid Fighter)            Turns: 2459, Time: 00:10:36

Health: -2/48      AC:  8    Str: 24    XL:     6   Next: 98%
Magic:  6/6        EV:  9    Int: 11    God:    Cheibriados [*.....]
Gold:   184        SH: 11    Dex: 14    Spells: 5/5 levels left

rFire    . . .     SeeInvis +   a - +0 hand axe (freeze)
rCold    . . .     Gourm    .   c - +0 shield
rNeg     + . .     Faith    .   i - +0 scale mail
rPois    .         Spirit   .   (helmet unavailable)
rElec    .         Reflect  .   (no cloak)
rCorr    .         Harm     .   F - +0 pair of gloves
MR       .....                  (no boots)
Stlth    ..........             (no amulet)
HPRegen  0.16/turn              e - ring of positive energy
MPRegen  0.10/turn              (no ring)

@: very slow
A: permanent stasis, dig shafts and tunnels, four strong arms, antennae 3
a: Dig, Shaft Self, Bend Time, Renounce Religion


You were on level 6 of the Dungeon.
You worshipped Cheibriados.
Cheibriados was aware of your devotion.
You were very hungry.

You visited 1 branch of the dungeon, and saw 5 of its levels.

You collected 184 gold pieces.

Inventory:

Hand Weapons
 a - a +0 hand axe of freezing (weapon)
 b - a +0 war axe
Missiles
 h - 97 stones (quivered)
 k - 2 throwing nets
 y - 27 sling bullets
 E - 5 poisoned needles
Armour
 c - a +0 shield (worn)
 i - a +0 scale mail (worn)
 l - a +0 chain mail
 n - a +0 leather armour
 w - a +0 ring mail
 F - a +0 pair of gloves (worn)
Jewellery
 e - a ring of positive energy (left hand)
Wands
 v - a wand of flame (14)
 D - a wand of acid (10)
Scrolls
 g - 2 scrolls of magic mapping {unknown}
 o - a scroll of amnesia {unknown}
 p - 3 scrolls of remove curse {unknown}
 q - 2 scrolls of teleportation {unknown}
 r - a scroll of fog {unknown}
 s - 2 scrolls of blinking {unknown}
 u - a scroll of immolation {unknown}
Potions
 d - a potion of might
 j - 2 potions of brilliance {unknown}
 m - 2 potions of curing {unknown}
 t - 2 potions of flight {unknown}
 x - 2 potions of agility {unknown}
 z - a potion of degeneration {unknown}
 A - a potion of cancellation {unknown}
 B - a potion of heal wounds {unknown}
 C - 2 potions of mutation {unknown}
Comestibles
 f - 6 rations


   Skills:
 * Level 4.2 Fighting
 + Level 4.0 Axes
 + Level 4.4 Armour
 + Level 0.9 Dodging
 + Level 6.0 Shields


You had 5 spell levels left.
You didn't know any spells.
Your spell library contained the following spells:

 Spells                   Type           Power        Failure   Level  Hunger
 Animate Skeleton         Necr           N/A          85%         1    ##.....
 Pain                     Necr           #...         85%         1    ##.....
 Regeneration             Chrm/Necr      #.........   99%         3    ####...
 Vampiric Draining        Necr           #.........   99%         3    ####...
 Animate Dead             Necr           N/A          100%        4    #####..


Dungeon Overview and Level Annotations

Branches:
Dungeon (4/15)
 Temple: D:4-7

Altars:
Cheibriados
Dithmenos
Elyvilon
Fedhas
Qazlal
Sif Muna
Uskayaw
The Shining One


Innate Abilities, Weirdness & Mutations

You cannot be hasted, slowed, berserked, paralysed or teleported.
You can dig through walls and to a lower floor.
Your four strong arms can wield two-handed weapons with a shield.
You have a pair of large antennae on your head. (SInv)


Message History

The worker ant barely misses you. The worker ant bites you.
* * * LOW HITPOINT WARNING * * *
Are you sure you want to shaft yourself?
You are feeling very hungry.
You block the worker ant's attack.
You begin to dig a shaft.
You continue digging a shaft.
The worker ant bites you but does no damage.
A shaft appears beneath you!
You fall through a shaft for 2 floors!
The shaft crumbles and collapses.
A centaur comes into view.
The centaur shouts!
The centaur wields a +0 shortbow.
The centaur shoots an arrow.
The arrow hits
* * * LOW HITPOINT WARNING * * *
You see here an arrow.
A hound skeleton comes into view.
You hit the hound skeleton.
The hound skeleton is lightly damaged.
The centaur shoots an arrow.
The arrow hits you.
You die...

.# .# .# .#
##.###### .#
........# .#
#.####.##Z#
........(@.#
####.#..####
# #..# .c...
#.#..#
#.#.c# .
#..# # #..


You could see a centaur and a hound skeleton.

Vanquished Creatures
  Sigmund (D:3)
  Crazy Yiuf (D:3)
  Jessica (D:3)
  Robin (D:3)
  4 adders
  A dart slug (D:3)
  A leopard gecko (D:2)
  6 orcs (D:3)
  4 giant cockroaches
  9 goblins
  10 hobgoblins
  6 jackals (D:3)
  A quokka (D:2)
  4 ball pythons
  7 bats
  5 frilled lizards
  6 kobolds
  3 rats
71 creatures vanquished.

Vanquished Creatures (others)
  Natasha (D:2)
1 creature vanquished.

Grand Total: 72 creatures vanquished

Notes
Turn   | Place    | Note
-------+----------+-------------------------------------------
     0 | D:1      | bli the Formicid Fighter began the quest for the Orb.
     0 | D:1      | Reached XP level 1. HP: 18/18 MP: 1/1
   237 | D:1      | Reached XP level 2. HP: 20/24 MP: 2/2
   270 | D:1      | Reached skill level 4 in Shields
  1035 | D:2      | Reached XP level 3. HP: 22/29 MP: 3/3
  1097 | D:2      | Found a blossoming altar of Fedhas.
  1123 | D:2      | Noticed a +0 dagger
  1123 | D:2      | Noticed a +0 dagger
  1124 | D:2      | Found a hide-covered altar of Uskayaw.
  1441 | D:2      | Noticed Natasha
  1465 | D:2      | Killed Natasha
  1465 | D:2      | Reached XP level 4. HP: 25/35 MP: 4/4
  1674 | D:3      | Found a snail-covered altar of Cheibriados.
  1699 | D:3      | Became a worshipper of Cheibriados the Contemplative
  1704 | D:3      | Noticed Jessica
  1715 | D:3      | Killed Jessica
  1836 | D:3      | Reached skill level 5 in Shields
  1836 | D:3      | Reached XP level 5. HP: 41/41 MP: 5/5
  1887 | D:3      | Found a shadowy altar of Dithmenos.
  1928 | D:3      | Noticed Robin
  1938 | D:3      | Reached * piety under Cheibriados
  1943 | D:3      | Killed Robin
  2097 | D:3      | Found a deep blue altar of Sif Muna.
  2165 | D:3      | Noticed Sigmund
  2186 | D:3      | Killed Sigmund
  2186 | D:3      | Reached XP level 6. HP: 30/48 MP: 6/6
  2302 | D:3      | Found a runed door.
  2306 | D:3      | Noticed Crazy Yiuf
  2315 | D:3      | Killed Crazy Yiuf
  2415 | D:4      | Reached skill level 6 in Shields
  2443 | D:4      | Found a white marble altar of Elyvilon.
  2443 | D:4      | Found a stormy altar of Qazlal.
  2444 | D:4      | Found a glowing golden altar of the Shining One.
  2456 | D:4      | You fall through a shaft for 2 floors!
  2459 | D:6      | Shot with an arrow by a centaur

Vault maps used:
D:1:      elethiomel_arrival_shortcut
D:2:      marbit_many_paths, dancing_weapons_uskayaw, uniq_natasha
D:3:      led_sif_pool, overflow_temple_1_default, lemuel_doored_altar,
          uniq_sigmund, uniq_jessica, uniq_robin, uniq_crazy_yiuf_cottage
D:4:      chequers_temple_overflow_statue_of_worship, minmay_temple_entry_mist,
          gammafunk_ghost_cemetery, first_ration, abandoned_shop, st_stairs_7
D:6:      basic_altar, serial_shops, shop, shop, shop,
          nicolae_shop_behind_doors, st_stairs_6

Skill      XL: |  1  2  3  4  5  6 |
---------------+-------------------+-----
Shields        | 4 5 6 |  6.0
Armour         | 4 |  4.4
Axes           | 3 4 |  4.0
Fighting       | 4 |  4.2
Dodging        | |  0.9

Action                   |  1- 3 |  4- 6 || total
-------------------------+-------+-------++-------
Melee: Hand axe          |   105 |   147 ||   252
       War axe           |     9 |       ||     9
Throw: Stone             |       |     6 ||     6
 Abil: Dig               |     2 |     2 ||     4
       Shaft Self        |       |     1 ||     1
 Stab: Invisible         |       |     2 ||     2
  Eat: Chunk             |     2 |     2 ||     4
Armor: Scale mail        |    31 |    42 ||    73
Dodge: Dodged            |    39 |    48 ||    87
Block: Shield            |    61 |    73 ||   134

Table legend:
 A = Non-vault XP
 B = Vault XP
 C = Vault XP percentage of total XP
 D = Non-vault monster count
 E = Vault monster count
 F = Vault count percentage of total count
                 A         B        C        D         E       F
            +---------+---------+-------+---------+---------+-------
      Total |     148 |     367 |  71.3 |      57 |      15 |  20.8
            +---------+---------+-------+---------+---------+-------
        D:1 |      24 |       0 |   0.0 |      17 |       0 |   0.0
        D:2 |      23 |      29 |  55.8 |       7 |       2 |  22.2
        D:3 |      73 |     338 |  82.2 |      30 |      13 |  30.2
        D:4 |      28 |       0 |   0.0 |       3 |       0 |   0.0
            +---------+---------+-------+---------+---------+-------
